 Dungeon Crawl Stone Soup version 0.21.1-1-g345015f (webtiles) character file.

266 Iko the Chopper (level 6, 0/44 HPs)
             Began as an Octopode Chaos Knight on May 29, 2018.
             Succumbed to a scorpion's poison
             ... on level 4 of the Dungeon.
             The game lasted 00:05:24 (620 turns).

Iko the Chopper (Octopode Chaos Knight)              Turns: 620, Time: 00:05:25

Health: 0/44       AC:  3    Str: 12    XL:     6   Next: 20%
Magic:  6/6        EV: 14    Int: 15    God:    Xom [...*..]
Gold:   125        SH:  0    Dex: 12    Spells: 5/5 levels left

rFire    . . .     SeeInvis .   a - +0 hand axe (chaos)
rCold    . . .     Gourm    .   (no shield)
rNeg     . . .     Faith    .   (helmet restricted)
rPois    .         Spirit   .   (no amulet)
rElec    .         Reflect  .   (no ring)
rCorr    .         Harm     .   (no ring)
MR       .....     Clarity  +   (no ring)
Stlth    +++.......             (no ring)
HPRegen  0.14/turn              (no ring)
MPRegen  0.10/turn              (no ring)
                                (no ring)
                                (no ring)

@: lethally poisoned (0 -> -3), vulnerable
A: almost no armour, stealthy swim, amphibious, 8 rings, constrict 8, icy blue
scales 1, camouflage 1, blurry vision 1, clarity, gelatinous body 1
a: Renounce Religion


You were on level 4 of the Dungeon.
You worshipped Xom.
You were a favourite toy of Xom.
You were full.

You visited 1 branch of the dungeon, and saw 4 of its levels.

You collected 125 gold pieces.

Inventory:

Hand Weapons
 a - a +0 hand axe of chaos (weapon)
Wands
 c - a wand of polymorph (13)
Potions
 d - a potion of brilliance
Comestibles
 b - 2 rations


   Skills:
 + Level 4.4 Fighting
 + Level 4.8 Axes
 + Level 3.2 Dodging
 + Level 3.1 Stealth


You had 5 spell levels left.
You didn't know any spells.

Dungeon Overview and Level Annotations

Branches:
Dungeon (4/15)
 Temple: D:4-7

Altars:
Elyvilon
Qazlal
Yredelemnul


Innate Abilities, Weirdness & Mutations

You cannot wear most types of armour.
You are very stealthy in the water. (Stealth+)
You are amphibious.
You can wear up to eight rings at the same time.
You can use your tentacles to constrict eight enemies at once.
Your skin changes colour to match your surroundings (Stealth+).
Your rubbery body absorbs attacks. (AC +1, EV +1)
You are partially covered in icy blue scales. (AC +2)
Scrolls take you a little longer to read.
You possess an exceptional clarity of mind.


Message History

* * * LOW HITPOINT WARNING * * *
You hit the scorpion but do no damage.
The scorpion seems to slow down.
You kill the scorpion!
Your Stealth skill increases to level 3!
You have reached level 6!
Your experience leads to an increase in your attributes!
Increase (S)trength, (I)ntelligence, or (D)exterity?
You feel agile.
* * * LOW HITPOINT WARNING * * *
You feel sick.
You begin reading the scroll.
You continue reading the scroll.
As you read the scroll labeled IREFOUBL UWNIESCH {god gift}, it crumbles to dust.
Magic quickly surges around you.
It was a scroll of vulnerability.
You eat one of the 3 rations.
That ration really hit the spot!
* * * LOW HITPOINT WARNING * * *
You feel sick.
You swing at nothing.
You swing at nothing.
You die...
Xom thinks this is hilarious!

#.#
#.#.###......<###รท#.#
#.######.#.# #.#...###
#.#..#
#..........##....#.. #.#
... ####(..........#..#.#
#.. ### #........##.##.
.. ...# #........##.###
... ....
#...........####.###..###
#................# #.##
#.......##@.###... ..
#.###..###..# #. #..#
#..# ## #..# #..# #..#
#..# ...# #### #.


There were no monsters in sight!

Vanquished Creatures
  A steam dragon (shapeshifter) (D:4)
  A scorpion (D:4)
  2 worker ants (D:4)
  3 adders (D:4)
  An orc (D:4)
  3 giant cockroaches
  2 goblins
  A hobgoblin (D:1)
  2 kobolds
  A ball python (D:3)
  A ball python skeleton (D:3)
  A bat (D:3)
  2 frilled lizards
21 creatures vanquished.

Vanquished Creatures (collateral kills)
  A worker ant (D:4)
1 creature vanquished.

Grand Total: 22 creatures vanquished

Notes
Turn   | Place    | Note
-------+----------+-------------------------------------------
     0 | D:1      | Iko the Octopode Chaos Knight began the quest for the Orb.
     0 | D:1      | Reached XP level 1. HP: 16/16 MP: 1/1
     9 | D:1      | XOM: divination: magic mapping
    49 | D:1      | XOM: silly message
    86 | D:2      | Found a stormy altar of Qazlal.
    86 | D:2      | Noticed an air elemental
    86 | D:2      | Noticed a water elemental
    86 | D:2      | Noticed an earth elemental
    86 | D:2      | Noticed a fire elemental
    98 | D:2      | XOM: silly message
   177 | D:2      | XOM: god gift: 39 gold pieces
   211 | D:3      | Reached XP level 2. HP: 21/21 MP: 2/2
   330 | D:4      | XOM: harmless Fire miscast
   335 | D:4      | XOM: blink monster(s)
   342 | D:4      | Reached XP level 3. HP: 10/26 MP: 3/3
   343 | D:4      | XOM: summons 3 friendly demons
   347 | D:4      | Reached skill level 1 in Stealth
   358 | D:4      | Reached XP level 4. HP: 11/33 MP: 4/4
   385 | D:4      | Found a basalt altar of Yredelemnul.
   437 | D:4      | Gained mutation: Scrolls take you a little longer to read. [potion of mutation]
   437 | D:4      | Gained mutation: You are partially covered in icy blue scales. (AC +2) [potion of mutation]
   437 | D:4      | Gained mutation: You possess an exceptional clarity of mind. [potion of mutation]
   465 | D:4      | Found a white marble altar of Elyvilon.
   543 | D:4      | XOM: summons friendly quasit
   574 | D:4      | Noticed a centaur
   574 | D:4      | a worker ant changed into a centaur
   576 | D:4      | Noticed a steam dragon
   576 | D:4      | a centaur changed into a steam dragon
   578 | D:4      | Killed a steam dragon
   578 | D:4      | Reached XP level 5. HP: 24/37 MP: 5/5
   590 | D:4      | XOM: god gift: scroll labeled IREFOUBL UWNIESCH {god gift}
   615 | D:4      | Reached XP level 6. HP: 2/44 MP: 6/6
   615 | D:4      | HP: 1/44 [poisoned by a scorpion]
   620 | D:4      | Succumbed to a scorpion's poison

Skill      XL: |  1  2  3  4  5 |
---------------+----------------+-----
Stealth        | 1 2 3 |  3.1
Axes           | 4 |  4.8
Fighting       | 4 |  4.4
Dodging        | 3 |  3.2

Action                   |  1- 3 |  4- 6 || total
-------------------------+-------+-------++-------
Melee: Hand axe          |    39 |    20 ||    59
       Constrict         |    11 |     5 ||    16
       Tentacles         |     8 |     6 ||    14
  Use: Potion            |     1 |     2 ||     3
       Scroll            |     1 |     2 ||     3
 Stab: Sleeping          |     3 |     1 ||     4
       Petrified         |     2 |       ||     2
       Petrifying        |     1 |       ||     1
  Eat: Ration            |       |     1 ||     1
Armor: Skin              |     2 |       ||     2
Dodge: Dodged            |    28 |    11 ||    39
